 Dungeon Crawl Stone Soup version 0.30-a0-29-g142975f185 (webtiles) character file.

Game seed: 2989215591734647303

66895 runemasterragnar the Alchemist (level 14, -11/103 (114) HPs)
             Began as a Purple Draconian Transmuter on Aug 26, 2022.
             Was a High Priest of Vehumet.
             Mangled by a pharaoh ant (35 damage)
             ... on level 1 of the Spider Nest.
             The game lasted 00:47:37 (26084 turns).

runemasterragnar the Alchemist (DrTm)              Turns: 26084, Time: 00:47:38

HP:   -11/103 (114) AC: 12    Str: 16      XL:     14   Next: 80%
MP:   24/30         EV: 13    Int: 20      God:    Vehumet [*****.]
Gold: 2197          SH:  5    Dex:  9 (11) Spells: 25/38 levels left

rFire   + . .      SeeInvis +      - Unarmed
rCold   . . .      Faith    .    (no shield)
rNeg    . . .      Spirit   .    (body armour unavailable)
rPois   .          Reflect  +    U - +2 hat {Will+}
rElec   .          Harm     .    m - +0 cloak
rCorr   +          Rampage  .    M - +0 pair of gloves
Will    ++++.                    (no boots)
Stlth   +.........               D - amulet of reflection
HPRegen 0.27/turn                k - ring of Sloth {rF+ Will+ rCorr Int+2 Slay+3}
MPRegen 0.22/turn                F - ring of see invisible

@: wereblooded, drained
A: breathe power, AC +8, unfitting armour, cold-blooded, deterioration 1, strong
1
a: Breathe Dispelling Energy, Renounce Religion


You were on level 1 of the Spider Nest.
You worshipped Vehumet.
Vehumet was extremely pleased with you.
You visited 5 branches of the dungeon, and saw 22 of its levels.

You collected 2647 gold pieces.
You spent 450 gold pieces at shops.

Inventory:

Missiles
 A - 86 stones
Armour
 m - a +0 cloak (worn)
 M - a +0 pair of gloves (worn)
 U - a +2 hat of willpower (worn)
Magical Staves
 Z - a staff of earth
Jewellery
 k - the ring of Sloth (left hand) {rF+ Will+ rCorr Int+2 Slay+3}
   (You found it on level 2 of the Dungeon)

   [ring of willpower]

   Int:       It affects your intelligence (+2).
   Slay:      It affects your accuracy & damage with ranged weapons and melee
   (+3).
   rF:        It protects you from fire.
   rCorr:     It protects you from acid and corrosion.
   Will:      It increases your willpower.
 n - a +4 ring of slaying
 y - a +4 ring of protection
 D - an amulet of reflection (around neck)
 F - a ring of see invisible (right hand)
 H - a ring of flight
Wands
 b - a wand of polymorph (12)
 E - a wand of roots (14)
 G - a wand of charming (10)
 K - a wand of flame (27)
 N - a wand of digging (2)
 Q - a wand of mindburst (20)
 R - a wand of quicksilver (6)
Scrolls
 d - 2 scrolls of immolation
 e - 5 scrolls of torment {unknown}
 h - 5 scrolls of brand weapon {unknown}
 i - 2 scrolls of fog {unknown}
 j - 6 scrolls of amnesia
 l - 3 scrolls of poison
 o - a scroll of summoning {unknown}
 t - 5 scrolls of enchant armour
 u - a scroll of magic mapping {unknown}
 v - a scroll of silence {unknown}
 w - a scroll of fear
 B - 2 scrolls of blinking {unknown}
 S - 2 scrolls of enchant weapon
 X - 2 scrolls of teleportation
Potions
 a - 3 potions of lignification
 c - 2 potions of flight
 f - 2 potions of brilliance
 g - 2 potions of degeneration
 r - 2 potions of haste
 s - 5 potions of curing
 x - 2 potions of invisibility
 z - a potion of resistance
 J - a potion of cancellation
 L - 2 potions of attraction
 V - 5 potions of magic


   Skills:
 + Level 7.6 Fighting
 + Level 6.6 Dodging
 * Level 9.8 Unarmed Combat
 + Level 12.9 Spellcasting
 + Level 15.3 Transmutations
 - Level 13.1 Earth Magic


You had 25 spell levels left.
You knew the following spells:

 Your Spells              Type           Power      Damage    Failure   Level
a - Beastly Appendage     Tmut           100%       N/A       0%          1
b - Wereblood             Tmut           65%        N/A       0%          2
c - Spider Form           Tmut/Pois      43%        N/A       1%          3
d - Statue Form           Tmut/Erth      42%        N/A       2%          6
e - Sandblast             Erth           100%       2d20      0%          1

Your spell library contained the following spells:

 Spells                   Type           Power      Damage    Failure   Level
 Iskenderun's Battlesphe  Conj           12%        2d7       34%         5
 Passwall                 Tmut/Erth      52%        N/A       1%          2
 Petrify                  Tmut/Erth      63%        N/A       1%          4
 Ice Form                 Ice/Tmut       43%        N/A       2%          4
 Ensorcelled Hibernation  Hex/Ice        24%        N/A       8%          2
 Hailstorm                Conj/Ice       12%        3d5       13%         4
 Olgreb's Toxic Radiance  Pois           12%        N/A       13%         4
 Swiftness                Air            12%        N/A       16%         3
 Freezing Cloud           Conj/Ice/Air   6%         6-21      34%         5
 Corpse Rot               Necr/Pois/Air  12%        N/A       45%         4
 Dispel Undead            Necr           12%        3d9       45%         4
 Metabolic Englaciation   Hex/Ice        6%         N/A       82%         5
 Death Channel            Necr           6%         N/A       100%        6
 Dispersal                Tloc           6%         N/A       100%        6
 Simulacrum               Ice/Necr       6%         N/A       100%        6
 Ozocubu's Refrigeration  Ice            6%         4d8       100%        7
 Disjunction              Tloc           6%         N/A       100%        8
 Ignition                 Fire           6%         3d4       100%        8
 Polar Vortex             Ice            6%         N/A       100%        9


Dungeon Overview and Level Annotations

Branches:
Dungeon (13/15)            Temple (1/1) D:4            Lair (5/5) D:10
  Swamp (0/4) Lair:3       Spider (1/4) Lair:3        Slime (0/5) Lair:4
    Orc (2/2) D:10            Elf (0/3) Orc:2
 Vaults: D:13-14

Altars:
Ashenzari
Hepliaklqana
Kikubaaqudgha
Nemelex Xobeh
Ru
Trog
Vehumet
Zin
Jiyva

Shops:
D:6 *   D:10 =   Orc:1 =   Orc:2 :[:[=

Annotations:
D:11 1 runed translucent door, sirJeffrey23's ghost, journeyman OgMo
Lair:5 exclusion: oklob plant
Spider:1 Jorgrun


Innate Abilities, Weirdness & Mutations

You can breathe bolts of dispelling energy.
Your rich purple scales are hard. (AC +8)
You cannot fit into any form of body armour.
You are cold-blooded and may be slowed by cold attacks.
Your body sometimes deteriorates upon taking damage.
Your muscles are strong. (Str +4, Int/Dex -1)


Message History

Confirm with . or Enter, or press ? or * to list all spells.
Your blood is infused with primal strength.
The pharaoh ant closely misses you. The culicivora closely misses you.
Unknown command.
Press: ? - help, v - describe, . - travel
Here: a pharaoh ant The floor.
Unknown command.
You hit the culicivora.
Your tail-slap misses the culicivora.
The culicivora is severely wounded.
The wolf spider hits you! The wolf spider bites you!
You block the pharaoh ant's attack. The culicivora misses you.
The wolf spider hits you!
The wolf spider bites you but does no damage.
Unknown command.
You punch the pharaoh ant!
The pharaoh ant is heavily damaged.
The pharaoh ant bites you!!
* * * LOW HITPOINT WARNING * * *
The culicivora bites you but does no damage.
The wolf spider hits you but does no damage.
The wolf spider closely misses you.
Some rock shatters into small pieces.
Your magical contamination has completely faded away.
Okay, then.
Unknown command.
You feel much better. The culicivora completely misses you.
The pharaoh ant bites you!
* * * LOW HITPOINT WARNING * * *
The wolf spider hits you but does no damage.
You block the wolf spider's attack. The culicivora closely misses you.
The pharaoh ant misses you.
You feel much better. You block the pharaoh ant's attack.
Jorgrun hits you with a +0 vorpal quarterstaff.
* * * LOW HITPOINT WARNING * * *
x2
As you read the scroll of fear, it crumbles to dust.
You assume a fearsome visage.
Jorgrun looks frightened!
The wolf spider looks frightened!
The pharaoh ant is unaffected.
The culicivora looks frightened!
The jumping spider looks frightened!
The pharaoh ant bites you!!
You die...

..........# ## ..#
..........#######.###..#
.............#..........
........................
..##....................
.####...................
## ##..................
#####...........#
##..........#@s!##
#.......####g.B...#
#.......# ...ss...#
#.....###.....#..##
##..### #....##.## #..##
...... ## #.## .......
### .......


You could see Jorgrun (fleeing), a wolf spider (fleeing), a culicivora
(fleeing), a pharaoh ant and a jumping spider (fleeing).

Vanquished Creatures
  Gastronok (Lair:3)
  An orc warlord (Orc:2)
  Nessos (Lair:4)
  2 boulder beetles
  4 hydras
  3 catoblepae (Lair:5)
  3 two-headed ogres
  3 centaur warriors
  12 death yaks
  Sonja (Lair:3)
  An orb spider (Spider:1)
  A harpy (shapeshifter) (D:13)
  2 ugly things (D:9)
  An orc knight (Orc:2)
  2 wolf spiders (Spider:1)
  9 orc sorcerers (Orc:2)
  3 manticores
  A cyclops (D:12)
  Joseph (D:7)
  7 black mambas
  3 rime drakes
  9 cane toads
  3 unseen horrors
  7 komodo dragons
  2 kobold demonologists (D:12)
  4 trolls
  3 polar bears
  2 hornets (D:8)
  A tarantella (Spider:1)
  20 blink frogs
  3 jumping spiders (Spider:1)
  5 culicivoras
  67 yaks
  2 wyverns
  4 basilisks
  2 steam dragons
  14 vampire mosquitoes
  Edmund (D:5)
  2 acid dragons (D:11)
  10 wargs
  14 water moccasins
  7 black bears
  13 orc warriors
  An ice beast (D:7)
  A sky beast (D:8)
  11 ogres
  6 wolves (Lair:3)
  4 centaurs (D:13)
  A phantom (D:7)
  A kobold brigand (D:8)
  Blork the orc (D:5)
  12 bullfrogs
  3 scorpions
  A necrophage (D:6)
  A gnoll sergeant (D:8)
  3 wights (D:9)
  9 killer bees
  6 electric eels
  6 howler monkeys
  7 jellies
  6 hounds
  2 gnoll boudas
  20 orc priests
  3 iguanas
  39 orc wizards
  A hell rat (D:10)
  Robin (D:2)
  23 gnolls
  10 adders
  4 white imps
  An ufetubus (D:6)
  2 worms
  82 orcs
  7 ball pythons
  11 endoplasms
  4 giant cockroaches
  15 goblins
  16 hobgoblins
  5 quokkas
  3 bats
  3 frilled lizards
  5 kobolds
  6 rats
600 creatures vanquished.

Vanquished Creatures (others)
  3 yaks
  3 orcs
  16 fungi
  46 plants
68 creatures vanquished.

Grand Total: 668 creatures vanquished

Notes
Turn   | Place    | Note
-------+----------+-------------------------------------------
     0 | D:1      | runemasterragnar the Draconian Transmuter began the quest
                  | for the Orb.
     0 | D:1      | Reached XP level 1. HP: 16/16 MP: 3/3
   256 | D:1      | Reached XP level 2. HP: 23/23 MP: 3/5
  1037 | D:1      | Reached XP level 3. HP: 29/29 MP: 4/6
  1720 | D:2      | Noticed Robin
  1735 | D:2      | Killed Robin
  1736 | D:2      | Reached XP level 4. HP: 30/36 MP: 5/7
  1875 | D:2      | Reached skill level 3 in Transmutations
  2035 | D:2      | Identified the ring of Sloth {rF+ Will+ rCorr Int+2 Slay+3}
  2205 | D:2      | Learned a level 2 spell: Wereblood
  2209 | D:2      | Learned a level 3 spell: Spider Form
  2605 | D:3      | Found a sacrificial altar of Ru.
  2781 | D:3      | Reached XP level 5. HP: 23/42 MP: 6/9
  3807 | D:4      | Noticed an ogre
  3835 | D:4      | Reached XP level 6. HP: 27/50 MP: 6/10
  3854 | D:4      | Reached skill level 4 in Transmutations
  4167 | D:5      | Entered Level 5 of the Dungeon
  4527 | D:5      | Your scales start taking on a rich purple colour.
  4527 | D:5      | Reached XP level 7. HP: 54/57 MP: 11/13
  4599 | D:5      | Noticed Edmund
  4614 | D:5      | Killed Edmund
  4615 | D:5      | Reached skill level 5 in Transmutations
  4973 | D:5      | Noticed Blork the orc
  4982 | D:5      | Killed Blork the orc
  5346 | D:5      | Identified 2 scrolls of acquirement
  5346 | D:5      | Acquired 671 gold pieces
  5356 | D:5      | Acquired a book of Sloth
  5365 | D:5      | Learned a level 6 spell: Statue Form
  5439 | D:5      | Reached skill level 1 in Earth Magic
  5713 | D:4      | Reached XP level 8. HP: 64/66 MP: 12/15
  5733 | D:4      | Found a staircase to the Ecumenical Temple.
  5815 | Temple   | Entered the Ecumenical Temple
  5823 | Temple   | Became a worshipper of Vehumet
  6076 | D:4      | Reached skill level 5 in Spellcasting
  6076 | D:4      | Reached skill level 6 in Transmutations
  6224 | D:4      | Found a sparkling altar of Nemelex Xobeh.
  6623 | D:7      | Noticed Joseph
  6963 | D:6      | Reached * piety under Vehumet
  6963 | D:6      | Offered knowledge of Sandblast by Vehumet.
  6973 | D:6      | Reached skill level 7 in Transmutations
  7148 | D:6      | Learned a level 1 spell: Sandblast
  7414 | D:6      | Reached XP level 9. HP: 41/71 MP: 14/17
  7638 | D:6      | Reached skill level 5 in Earth Magic
  7723 | D:6      | Found Rilopn's Serpentskin Sales.
  8270 | D:7      | Reached skill level 8 in Transmutations
  8598 | D:7      | Killed Joseph
  8908 | D:7      | Offered knowledge of Scorch by Vehumet.
  8911 | D:7      | Reached ** piety under Vehumet
  9367 | D:8      | Reached skill level 9 in Transmutations
  9374 | D:8      | Reached XP level 10. HP: 66/78 MP: 18/20
  9490 | D:8      | Identified the +2 robe "Zerhekk" {rPois Regen+ Int+5}
  9859 | D:8      | Offered knowledge of Frozen Ramparts by Vehumet.
 10198 | D:9      | Noticed a two-headed ogre
 10204 | D:9      | Killed a two-headed ogre
 10547 | D:9      | Noticed a red ugly thing
 10557 | D:9      | Killed a red ugly thing
 10558 | D:9      | Reached skill level 10 in Transmutations
 10628 | D:9      | Found a runed translucent gate.
 10628 | D:9      | Found a runed translucent gate.
 10628 | D:9      | Found a runed translucent gate.
 10630 | D:9      | Noticed a red ugly thing
 10630 | D:9      | Noticed a white ugly thing
 10631 | D:9      | Noticed a green ugly thing
 10632 | D:9      | Noticed a cyan ugly thing
 10734 | D:8      | Reached *** piety under Vehumet
 11174 | D:9      | Found Xucwig's Book Shop.
 11442 | D:9      | Killed a white ugly thing
 11487 | D:10     | Entered Level 10 of the Dungeon
 11730 | D:10     | Noticed a death yak
 11735 | D:10     | Noticed a death yak
 11736 | D:10     | Noticed a death yak
 11743 | D:10     | Killed a death yak
 11744 | D:10     | Reached XP level 11. HP: 77/83 MP: 16/23
 12215 | D:10     | Killed a death yak
 12222 | D:10     | Killed a death yak
 12223 | D:10     | Reached skill level 11 in Transmutations
 12463 | D:10     | Found a staircase to the Lair.
 12600 | D:10     | Found Wieherhi's Jewellery Boutique.
 12608 | D:10     | Bought an amulet of reflection for 450 gold pieces
 12857 | D:10     | Found a staircase to the Orcish Mines.
 12980 | Orc:1    | Entered Level 1 of the Orcish Mines
 13388 | D:10     | Offered knowledge of Fulminant Prism by Vehumet.
 13744 | Orc:1    | Reached skill level 10 in Earth Magic
 13810 | Orc:1    | Found Ponkoet's Jewellery Shoppe.
 13980 | Orc:2    | Entered Level 2 of the Orcish Mines
 14182 | Orc:2    | Noticed an orc sorcerer
 14187 | Orc:2    | Reached **** piety under Vehumet
 14193 | Orc:2    | Killed an orc sorcerer
 14200 | Orc:2    | Noticed an orc knight
 14201 | Orc:2    | Noticed an orc sorcerer
 14202 | Orc:2    | Offered knowledge of Hailstorm by Vehumet.
 14205 | Orc:2    | Noticed an orc sorcerer
 14210 | Orc:2    | Killed an orc sorcerer
 14213 | Orc:2    | Noticed an orc sorcerer
 14588 | Orc:1    | Reached skill level 12 in Transmutations
 14911 | Orc:2    | Found Dob Qoele's Book Emporium.
 15029 | Orc:2    | Found a staircase to the Elven Halls.
 15113 | Orc:2    | Noticed an orc sorcerer
 15120 | Orc:2    | Paralysed by an orc sorcerer for 5 turns
 15126 | Orc:2    | Killed an orc sorcerer
 15139 | Orc:2    | Noticed an orc sorcerer
 15163 | Orc:2    | Killed an orc sorcerer
 15172 | Orc:2    | Noticed an orc warlord
 15176 | Orc:2    | Noticed a sun demon
 15183 | Orc:2    | Killed an orc warlord
 15183 | Orc:2    | Reached ***** piety under Vehumet
 15183 | Orc:2    | Offered knowledge of Fireball by Vehumet.
 15184 | Orc:2    | Reached XP level 12. HP: 78/91 MP: 25/25
 15431 | Orc:2    | Reached skill level 10 in Spellcasting
 15735 | Orc:2    | Found Biasoath's Book Emporium.
 15735 | Orc:2    | Found Kubabb's Antique Armour Boutique.
 15923 | Orc:2    | Found Wuuginli's Jewellery Emporium.
 15923 | Orc:2    | Found Meucoiq's Armour Boutique.
 16152 | Lair:1   | Entered Level 1 of the Lair of Beasts
 16241 | Lair:1   | Reached skill level 13 in Transmutations
 17545 | Lair:2   | Noticed an eight-headed hydra
 17552 | Lair:2   | Killed an eight-headed hydra
 17879 | Lair:2   | Reached skill level 14 in Transmutations
 18147 | Lair:2   | Reached XP level 13. HP: 96/96 MP: 25/28
 18368 | Lair:3   | Noticed Gastronok
 18776 | Lair:3   | Noticed Sonja
 18784 | Lair:3   | Killed Sonja
 18921 | Lair:3   | Found a hole to the Spider Nest.
 19045 | Lair:3   | Killed Gastronok
 19046 | Lair:3   | Reached skill level 5 in Unarmed Combat
 19120 | Lair:3   | Found a staircase to the Swamp.
 19878 | Lair:4   | Found a glowing silver altar of Zin.
 19974 | Lair:4   | Found a staircase to the Slime Pits.
 19974 | Lair:4   | Found a viscous altar of Jiyva.
 19985 | Lair:4   | Offered knowledge of Starburst by Vehumet.
 20216 | Lair:4   | Reached skill level 5 in Fighting
 20227 | Lair:4   | Noticed Nessos
 20237 | Lair:4   | Killed Nessos
 21024 | Lair:5   | Entered Level 5 of the Lair of Beasts
 21411 | Lair:5   | Reached skill level 5 in Dodging
 21684 | Lair:5   | Reached XP level 14. HP: 110/110 MP: 30/30
 22183 | Lair:5   | Reached skill level 15 in Transmutations
 23019 | D:11     | Identified the +1 scale mail "Safaylo" {Fly rF++ MP-9}
 23055 | D:11     | Found a runed translucent door.
 23057 | D:11     | Noticed sirJeffrey23's ghost (journeyman OgMo)
 23867 | D:12     | Offered knowledge of Iskenderun's Battlesphere by Vehumet.
 24864 | D:13     | Gained mutation: Your magical capacity is low. (-10% MP)
                  | [potion of mutation]
 24864 | D:13     | Gained mutation: Your body sometimes deteriorates upon
                  | taking damage. [potion of mutation]
 24864 | D:13     | Lost mutation: Your magical capacity is low. (-10% MP)
                  | [potion of mutation]
 24864 | D:13     | Gained mutation: Your muscles are strong. (Str +4, Int/Dex
                  | -1) [potion of mutation]
 25520 | Spider:1 | Entered Level 1 of the Spider Nest
 25692 | Spider:1 | Noticed Jorgrun
 26081 | Spider:1 | HP: 2/103 [pharaoh ant (30)]
 26084 | Spider:1 | Mangled by a pharaoh ant

Illustrated notes

Levels and vault maps discovered:
D:1:      reono_arrival_mine, layout_basic, minmay_pentomino_w2
D:2:      layout_loops_ring, uniq_robin
D:3:      layout_basic, general_overflow_altar
D:4:      layout_rooms, nemelex_dance_club_becter,
          minmay_temple_entry_from_below_a
D:5:      layout_loops_corners, kennysheep_cross_room, uniq_blork_the_orc,
          uniq_edmund
D:6:      black_bear_nest_2, layout_rooms, guppyfry_shop_venom
D:7:      layout_cave_pods, uniq_joseph
D:8:      layout_cave_pools
D:9:      layout_long_grid, ploomutoo_gammafunk_ghost_potion_laboratory,
          serial_shops, nicolae_shop_statue_plus
D:10:     layout_rooms, dpeg_lair_monsters, orc_0_dummy,
          chequers_serial_rivers_small_3, minmay_shop_grid_forest
D:11:     layout_cave_pods, ebering_ghost_reflecting_pool
D:12:     layout_roguey, kennysheep_pointless_box
D:13:     layout_irregular_city
Temple:   nicolae_temple_bog_church
Lair:1:   layout_regular_city, serial_bayou_shore_b, lemuel_fruit_tree
Lair:2:   layout_roguey
Lair:3:   layout_chaotic_city, swamp_mist_pool,
          hellmonk_spider_entry_life_and_decay, serial_bayou_pond_d,
          guppyfry_lair_drakes, grunt_megastairs_2, uniq_gastronok, uniq_sonja
Lair:4:   layout_loops_ring, nicolae_slime_entry_slimehenge, basic_altar,
          lemuel_fruit_fields, infiniplex_staircase_pool_2,
          serial_bayou_shore_b, uniq_nessos
Lair:5:   evilmike_catoblepas_cave, layout_long_grid, serial_bayou,
          serial_bayou_ford_a, serial_bayou_shore_a, serial_bayou_pond_e,
          serial_bayou_lagoon_a, grunt_megastairs_1
Spider:1: layout_spider_delve, nicolae_spider_webbed_stairs, uniq_frances,
          uniq_jorgrun
Orc:1:    layout_diamond_mine, serial_shops, shop, mines1_david
Orc:2:    st_orc_town, layout_caves, serial_shops,
          nicolae_shop_competitors_out_of_business

Skill      XL: |  1  2  3  4  5  6  7  8  9 10 11 12 13 14 |
---------------+-------------------------------------------+-----
Dodging        | 2 3 5 6 |  6.6
Fighting       | 2 3 6 7 |  7.6
Transmutations | 3 4 5 7 9 10 12 14 15 | 15.3
Spellcasting   | 4 5 7 8 9 11 12 | 12.9
Unarmed Combat | 4 7 9 |  9.8
Earth Magic    | 1 4 7 9 11 12 13 | 13.1

Action                   |  1- 3 |  4- 6 |  7- 9 | 10-12 | 13-15 || total
-------------------------+-------+-------+-------+-------+-------++-------
Melee: Unarmed           |   130 |    68 |   214 |   644 |   578 ||  1634
       Kick              |    21 |    17 |    18 |     8 |       ||    64
       Headbutt          |    13 |     8 |    14 |     5 |       ||    40
       Tailslap          |    16 |     8 |    10 |   110 |   129 ||   273
       Staff             |       |    56 |    71 |       |       ||   127
       Punch             |       |       |     2 |    23 |    41 ||    66
 Cast: Beastly Appendage |    21 |    27 |    11 |    10 |       ||    69
       Spider Form       |       |     7 |    26 |     2 |       ||    35
       Wereblood         |       |       |     3 |    20 |    21 ||    44
       Sandblast         |       |       |     8 |     2 |    37 ||    47
       Statue Form       |       |       |     1 |    65 |    65 ||   131
 Abil: Breathe Dispellin |       |       |     4 |     1 |       ||     5
       End Transformatio |       |       |     1 |       |       ||     1
Evoke: Wand              |       |       |       |     1 |     3 ||     4
  Use: Scroll            |       |       |    11 |    14 |     8 ||    33
       Potion            |       |       |     1 |     5 |     5 ||    11
Armor: Skin              |    49 |    26 |    74 |   512 |   558 ||  1219
Dodge: Dodged            |    71 |    67 |   294 |   578 |   597 ||  1607
Block: Other             |       |       |       |   161 |   217 ||   378
       Reflection        |       |       |       |     3 |    10 ||    13

Table legend: (Time is in decaauts)
 A = Elapsed time spent in this place.
 B = Non-inter-level travel time spent in this place.
 C = Inter-level travel time spent in this place.
 D = Time resting spent in this place.
 E = Time spent auto-exploring this place.
 F = Levels seen in this place.
 G = Mean time per level.
                   A        B        C        D        E       F      G
               +--------+--------+--------+--------+--------+-----+--------+
         Total |  28815 |  27886 |    929 |   3260 |  19628 |  22 | 1309.8 |
       Dungeon |  17181 |  16596 |    585 |   1871 |  12139 |  13 | 1321.6 |
        Temple |     16 |     16 |      0 |      0 |      0 |   1 |   16.0 |
          Lair |   8089 |   7850 |    239 |    839 |   5458 |   5 | 1617.8 |
   Spider Nest |    658 |    658 |      0 |      0 |    535 |   1 |  658.0 |
  Orcish Mines |   2868 |   2764 |    104 |    549 |   1496 |   2 | 1434.0 |
               +--------+--------+--------+--------+--------+-----+--------+

Top non-repeatable levels by time:
    D:10: 2419 daAuts
  Lair:5: 2187 daAuts
   Orc:2: 2009 daAuts
     D:7: 1656 daAuts
     D:5: 1636 daAuts
  Lair:2: 1579 daAuts
     D:9: 1511 daAuts
  Lair:1: 1467 daAuts
  Lair:3: 1429 daAuts
  Lair:4: 1427 daAuts
     D:2: 1361 daAuts
     D:6: 1349 daAuts
    D:12: 1316 daAuts
     D:1: 1192 daAuts
     D:3: 1110 daAuts
